 Dungeon Sprint DCSS version 0.31-a0-1-g4198be8af4 (webtiles) character file.

Game seed: 12623691159696900531

1237 BigDaddyOpFi the Protected (level 8, -3/117 HPs)
             Began as an Armataur Fighter on May 1, 2023.
             Was a High Priest of Kikubaaqudgha.
             Slain by a fire elemental (13 damage)
             ... summoned by a deep elf pyromancer
             ... in the Dungeon (Sprint VII: "The Pits").
             The game lasted 00:02:00 (1142 turns).

BigDaddyOpFi the Protected (Armataur Fighter)       Turns: 1142, Time: 00:02:00

Health: -3/117     AC: 14    Str: 25    XL:     8   Next: 24%
Magic:  1/8        EV:  5    Int:  8    God:    Kikubaaqudgha [*****.]
Gold:   0          SH:  5    Dex:  9    Spells: 7/7 levels left

rFire   . . .        a - +0 war axe
rCold   . . .        c - +0 buckler
rNeg    . . .        l - +2 plate armour
rPois   .            (no helmet)
rElec   .            (no cloak)
rCorr   .            (no gloves)
SInv    .            (no barding)
Will    .....        (no amulet) Stlth
                     (no ring)
HPRegen 0.39/turn    (no ring)
MPRegen 0.11/turn

%: no teleportation, roll
@: mighty, berserking, very quick
A: large, rugged brown scales 3, deformed body, armoured tail, roll, long
tongue, awkward tongue
a: Renounce Religion, Unearth Wretches, Torment


You were in the Dungeon.
You worshipped Kikubaaqudgha.
Kikubaaqudgha was extremely pleased with you.
You visited 1 branch

Inventory:

Hand Weapons
 a - a +0 war axe (weapon)
Armour
 c - a +0 buckler (worn)
 l - a +2 plate armour (worn)
Potions
 e - 4 potions of curing
 g - a potion of haste
 h - 4 potions of magic
 k - 2 potions of invisibility


   Skills:
 + Level 7.4 Fighting
 + Level 6.4 Axes
 + Level 9.8 Armour
 + Level 8.8 Shields
 * Level 9.0 Necromancy


You had 7 spell levels left.
You didn't know any spells.
Your spell library contained the following spells:

 Spells                   Type           Power      Damage    Failure   Level
 Necrotise                Necr           56%        1d6       13%         1
 Vampiric Draining        Necr           14%        2d7       36%         3
 Kiss of Death            Conj/Necr      28%        2d7       63%         1
 Animate Dead             Necr           14%        N/A       77%         4
 Agony                    Necr           14%        N/A       98%         5
 Anguish                  Hex/Necr       3%         N/A       100%        4
 Borgnjor's Vile Clutch   Necr/Erth      3%         N/A       100%        5
 Simulacrum               Ice/Necr       3%         N/A       100%        6


Dungeon Overview and Level Annotations

Branches:
Dungeon (1/1)

Altars:
Ashenzari
Cheibriados
Dithmenos
Elyvilon
Fedhas
Gozag
Hepliaklqana
Kikubaaqudgha
Makhleb
Nemelex Xobeh
Okawaru
Qazlal
Ru
Sif Muna
Trog
Uskayaw
Vehumet
Wu Jian
Xom
Yredelemnul
Zin
The Shining One
Jiyva
Lugonu


Innate Abilities, Weirdness & Mutations

You are completely covered in rugged brown scales. (AC +3, +7% HP)
Armour fits poorly on your strangely shaped body.
You have a long armoured tail.
You roll when moving toward enemies. (Rampage)
Your long tongue fully drains potion bottles. (2x potion effects)
Your tongue gives you trouble enunciating. (1.5x scroll delay)


Message History

You hit the fire elemental.
The fire elemental is severely damaged.
The fire elemental completely misses you.
The deep elf pyromancer points at you and mumbles some strange words.
The bolt of fire hits the crimson imp.
The crimson imp completely resists.
The bolt of fire hits the fire elemental.
The fire elemental completely resists.
The bolt of fire misses the fire elemental.
The bolt of fire hits you! The fire elemental barely misses you.
You closely miss the fire elemental.
Your tail-slap misses the fire elemental.
The fire elemental is severely damaged.
The deep elf pyromancer points at you and mumbles some strange words.
The bolt of fire hits the fire elemental.
The fire elemental completely resists.
The bolt of fire hits the fire elemental.
The fire elemental completely resists.
The bolt of fire hits you!! The fire elemental hits you.
The fire elemental burns you!
* * * LOW HITPOINT WARNING * * *
You feel better.
You slurp down every last drop of the potion of curing!
The fire elemental hits you. The fire elemental burns you!
* * * LOW HITPOINT WARNING * * *
The fire elemental hits you. The fire elemental burns you!
* * * LOW HITPOINT WARNING * * *
You aren't carrying any scrolls.
What are your orders? t - Shout!
Orders for allies: a - Attack new target. r - Retreat! s - Stop attacking. g - Guard the area. f - Follow me.
Anything else - Cancel.
Okay, then.
A red film seems to cover your vision as you go berserk!
You feel yourself moving faster!
You feel mighty!
You slurp down every last drop of the potion of berserk rage!
The crimson imp shouts, "Accept thy failure, thou tottering nose-picking efter!"
The fire elemental hits you. The fire elemental burns you!
You die...
Kikubaaqudgha rasps: "You have failed me!
Welcome... death!"

#.####'##'###...<...#
#.#........##.......#
#.#........##.......#
#)###########.......#
#)).....#.. #########
#.###...#.# ###
#.#.....#.# ...#
#.#...#.#†#Oe..#
#.....#.#@EE5..+
#...###.#'#E...#
#.......'.# ...#
########### ###


You could see a two-headed ogre, a deep elf pyromancer, 3 fire elementals and a
crimson imp.

Vanquished Creatures
  A shadow wraith (D)
  2 floating eyes (D)
  2 black bears (D)
  4 wights (D)
  A jelly (D)
  An iguana (D)
  An orc wizard (D)
  A mummy (D)
  An adder (D)
  An ufetubus (D)
  A worm (D)
  4 orcs (D)
  An endoplasm (D)
  A giant cockroach (D)
  A hobgoblin (D)
  2 ball pythons (D)
  2 frilled lizards (D)
  2 rats (D)
29 creatures vanquished.

Vanquished Creatures (others)
  A bat (D)
1 creature vanquished.

Grand Total: 30 creatures vanquished

Notes
Turn   | Place    | Note
-------+----------+-------------------------------------------
     0 | D        | BigDaddyOpFi the Armataur Fighter began the quest for the
                  | Orb.
     0 | D        | Reached XP level 1. HP: 19/19 MP: 1/1
    18 | D        | Found a bloodstained altar of Trog.
    18 | D        | Found a shimmering blue altar of Sif Muna.
    18 | D        | Found a viscous altar of Jiyva.
    18 | D        | Found a hazy altar of Hepliaklqana.
    18 | D        | Found an opulent altar of Gozag.
    19 | D        | Found a glowing golden altar of the Shining One.
    19 | D        | Found a glowing silver altar of Zin.
    19 | D        | Found a basalt altar of Yredelemnul.
    19 | D        | Found a shimmering altar of Xom.
    19 | D        | Found an ornate altar of the Wu Jian Council.
    19 | D        | Found a sacrificial altar of Ru.
    19 | D        | Found a stormy altar of Qazlal.
    19 | D        | Found an iron altar of Okawaru.
    19 | D        | Found a sparkling altar of Nemelex Xobeh.
    19 | D        | Found a burning altar of Makhleb.
    19 | D        | Found a blossoming altar of Fedhas.
    19 | D        | Found a white marble altar of Elyvilon.
    19 | D        | Found a shadowy altar of Dithmenos.
    19 | D        | Found a snail-covered altar of Cheibriados.
    20 | D        | Found a radiant altar of Vehumet.
    20 | D        | Found a corrupted altar of Lugonu.
    21 | D        | Found an ancient bone altar of Kikubaaqudgha.
    21 | D        | Found a hide-covered altar of Uskayaw.
    21 | D        | Found a broken altar of Ashenzari.
    31 | D        | Became a worshipper of Kikubaaqudgha
    70 | D        | Reached * piety under Kikubaaqudgha
    70 | D        | Received a gift from Kikubaaqudgha
    71 | D        | Reached skill level 1 in Necromancy
   181 | D        | Noticed a floating eye
   181 | D        | Noticed a floating eye
   184 | D        | Killed a floating eye
   185 | D        | Reached skill level 5 in Armour
   185 | D        | Reached skill level 5 in Shields
   185 | D        | Reached XP level 2. HP: 29/29 MP: 2/2
   185 | D        | Reached XP level 3. HP: 36/36 MP: 3/3
   185 | D        | Reached XP level 4. HP: 43/43 MP: 4/4
   186 | D        | Paralysed by a floating eye for 3 turns
   190 | D        | Killed a floating eye
   190 | D        | Reached ** piety under Kikubaaqudgha
   191 | D        | Reached skill level 5 in Fighting
   191 | D        | Reached skill level 5 in Necromancy
   191 | D        | Reached XP level 5. HP: 22/51 MP: 5/5
   585 | D        | Reached *** piety under Kikubaaqudgha
   585 | D        | Received a gift from Kikubaaqudgha
   596 | D        | Reached XP level 6. HP: 59/59 MP: 6/6
   597 | D        | Reached **** piety under Kikubaaqudgha
   602 | D        | Reached skill level 5 in Axes
   604 | D        | Reached ***** piety under Kikubaaqudgha
   608 | D        | Reached XP level 7. HP: 41/67 MP: 7/7
   740 | D        | Killed a shadow wraith
   741 | D        | Reached XP level 8. HP: 9/78 MP: 2/8
  1129 | D        | Noticed a two-headed ogre
  1129 | D        | Noticed a deep elf pyromancer
  1142 | D        | Slain by a fire elemental

Illustrated notes

Levels and vault maps discovered:
D:        pitsprint [storerooms_1, entrance_room_1, metal_vault_2, armoury_1,
          mini_pit_1, grid_room_1, main_hall_1, silver_pit, the_coven_2,
          the_vestibule_1, steel_vault_4, golden_pit, hallway_of_sentries,
          crystal_vault_2, iron_vault_1, final_vault]

Skill      XL: |  1  2  3  4  5  6  7  8 |
---------------+-------------------------+-----
Axes           | 3 4 5 6 |  6.4
Armour         | 5 6 7 8 9 |  9.8
Necromancy     | 4 5 7 8 9 |  9.0
Fighting       | 4 5 6 7 |  7.4
Shields        | 5 6 7 8 |  8.8

Action                     |  1- 3 |  4- 6 |  7- 9 || total
---------------------------+-------+-------+-------++-------
  Melee: War axe           |    10 |    36 |    37 ||    83
         Tailslap          |     2 |     4 |     3 ||     9
 Invoke: Torment           |       |       |     3 ||     3
         Unearth Wretches  |       |       |     1 ||     1
    Use: Potion            |       |     3 |     9 ||    12
         Scroll            |       |     1 |       ||     1
   Stab: Paralysed         |       |       |     1 ||     1
 Armour: Scale mail        |     5 |     3 |       ||     8
         Plate armour      |       |    17 |    34 ||    51
  Dodge: Dodged            |     4 |    11 |     9 ||    24
  Block: Buckler           |       |    13 |    11 ||    24

Table legend: (Time is in decaauts)
 A = Elapsed time spent in this place.
 B = Non-inter-level travel time spent in this place.
 C = Inter-level travel time spent in this place.
 D = Time resting spent in this place.
 E = Time spent auto-exploring this place.
 F = Levels seen in this place.
 G = Mean time per level.
                   A        B        C        D        E       F      G
               +--------+--------+--------+--------+--------+-----+--------+
         Total |   1220 |   1201 |     19 |    936 |      0 |   1 | 1220.0 |
       Dungeon |   1220 |   1201 |     19 |    936 |      0 |   1 | 1220.0 |
               +--------+--------+--------+--------+--------+-----+--------+

Top non-repeatable levels by time:
       D: 1220 daAuts
